 Dungeon Crawl Stone Soup version 0.29.0-4-gdea44cf6ec (webtiles) character file.

Game seed: 15720510442278437633

65 qw the Sneak (level 4, -1/28 HPs)
             Began as a Gargoyle Delver on Sept 10, 2022.
             Slain by a black bear (2 damage)
             ... on level 4 of the Dungeon.
             The game lasted 00:00:04 (224 turns).

qw the Sneak (Gargoyle Delver)                       Turns: 224, Time: 00:00:04

Health: -1/28      AC:  6    Str: 17    XL:     4   Next: 13%
Magic:  4/4        EV: 11    Int: 11    God:
Gold:   0          SH:  0    Dex: 11    Spells: 3/3 levels left

rFire   . . .      SeeInvis .   h - +0 war axe
rCold   . . .      Faith    .   (no shield)
rNeg    + . .      Spirit   .   b - +0 leather armour
rPois   inf        Reflect  .   (no helmet)
rElec   +          Harm     .   (no cloak)
rCorr   .          Rampage  .   (no gloves)
Will    .....                   (no boots)
Stlth   +++.......              (no amulet)
HPRegen 0.09/turn               (no ring)
MPRegen 0.09/turn               (no ring)

@: no status effects
A: sickness immunity, AC +3, negative energy resistance 1, electricity
resistance, torment resistance 1, petrification resistance
a: no special abilities


You were on level 4 of the Dungeon.
You visited 1 branch of the dungeon, and saw 2 of its levels.


Innate Abilities, Weirdness & Mutations

You are immune to sickness and miasma.
Your stone body is resilient. (AC +3)
You are immune to poison.
You resist negative energy. (rN+)
You are resistant to electric shocks. (rElec)
You are resistant to unholy torment.
You are immune to petrification.


   Skills:
 - Level 3.2 Fighting
 + Level 3.9 Axes
 - Level 1.5 Dodging
 - Level 5.4 Stealth


You had 3 spell levels left.
You didn't know any spells.
Your spell library was empty.

Inventory:

Hand Weapons
 h - a +0 war axe (weapon)
Armour
 b - a +0 leather armour (worn)
Wands
 g - a wand of digging (3)
Potions
 f - a potion of haste

Dungeon Overview and Level Annotations

Branches:
Dungeon (5/15)
 Temple: D:4-7

Altars:


Message History

The black bear claws you but does no damage.
The black bear claws you. The jackal bites you.
You closely miss the black bear.
The black bear is moderately wounded.
You barely miss the jackal.
The jackal bites you but does no damage.
The black bear bites you.
The black bear claws you but does no damage.
The black bear misses you. The jackal bites you. The black bear bites you.
The black bear closely misses you. x2
The orc shouts!
You hit the black bear.
The black bear is moderately wounded.
You hit the jackal.
The jackal bites you but does no damage.
The black bear bites you but does no damage.
The black bear closely misses you.
The black bear claws you but does no damage.
The jackal barely misses you.
You barely miss the black bear.
The black bear is moderately wounded.
You closely miss the jackal.
The jackal bites you but does no damage.
The black bear bites you but does no damage.
The black bear claws you but does no damage.
The black bear barely misses you.
You hit the black bear.
The black bear is heavily wounded.
You completely miss the jackal.
The jackal bites you but does no damage.
The black bear bites you.
The black bear claws you. x2; The jackal misses you.
The black bear bites you but does no damage.
The black bear misses you. The black bear closely misses you.
You slash the black bear!
The black bear is severely wounded.
You slash the jackal!
You kill the jackal!
You hit the orc. The orc hits you with a +0 hand axe. The black bear bites you.
You die...

#......#
#......#
#.....^#
#......# ##
##....... ..
........# .#
#.....%h###.#
#o@..#.#
####.#.#
#...###
##....#
#>##..... #.#
#### #.# #.#
#.#


You could see a black bear and an orc.

Vanquished Creatures
  A scorpion (D:4)
  2 jackals (D:4)
3 creatures vanquished.

Notes
Turn   | Place    | Note
-------+----------+-------------------------------------------
     0 | D:5      | qw the Gargoyle Delver began the quest for the Orb.
     0 | D:5      | Reached XP level 1. HP: 14/14 MP: 1/1
     0 | D:5      | 0 ||| qw: Version: 0.1-a-116-g5d60599
     0 | D:5      | 0 ||| qw: Game counter: 7809
     0 | D:5      | 0 ||| qw: Always use a shield: true
     0 | D:5      | 0 ||| qw: God list: Okawaru
     0 | D:5      | 0 ||| qw: Allow faded altars: false
     0 | D:5      | 0 ||| qw: Do Orc after D:15 true
     0 | D:5      | 0 ||| qw: Do second Lair branch before Depths: true
     0 | D:5      | 0 ||| qw: Lair rune preference: random
     0 | D:5      | 0 ||| qw: Plans: Normal
     0 | D:5      | 0 ||| PLANNING D:1-11
     8 | D:5      | 8 ||| SWAPPING to +0 war axe.
     9 | D:5      | 9 ||| DROPPING +0 hand axe.
    10 | D:5      | 10 ||| DROPPING scroll of fog.
    11 | D:5      | 11 ||| DROPPING scroll of magic mapping.
    12 | D:5      | 12 ||| DROPPING scroll of fear.
    23 | D:4      | Noticed a scorpion
    38 | D:4      | Killed a scorpion
    39 | D:4      | Reached skill level 3 in Axes
    39 | D:4      | Reached XP level 2. HP: 9/19 MP: 2/2
    39 | D:4      | Reached XP level 3. HP: 10/23 MP: 3/3
    39 | D:4      | Reached XP level 4. HP: 13/28 MP: 4/4
   207 | D:4      | Noticed a black bear
   223 | D:4      | HP: 6/28 [black bear (5)]
   224 | D:4      | HP: 1/28 [orc/+0 hand axe (2)]
   224 | D:4      | Slain by a black bear

Levels and vault maps discovered:
D:4:      layout_rooms, beargit_hepliaklqana_dungeon_heroes,
          mainiacjoe_overflow_small_starburst
D:5:      layout_basic, lemuel_coloured_pillars_altar, slow_altar_2,
          grunt_gozag_breadcrumbs, minmay_temple_entry_slanted

Skill      XL: |  1 |
---------------+----+-----
Axes           | 3 |  3.9
Fighting       | |  3.2
Dodging        | |  1.5
Stealth        | |  5.4

Action                   |  1- 3 |  4- 6 || total
-------------------------+-------+-------++-------
Melee: War axe           |     9 |     9 ||    18
Armor: Leather armour    |     2 |    18 ||    20
Dodge: Dodged            |     7 |    15 ||    22

Table legend:
 A = Non-vault XP
 B = Vault XP
 C = Vault XP percentage of total XP
 D = Non-vault monster count
 E = Vault monster count
 F = Vault count percentage of total count
                 A         B        C        D         E       F
            +---------+---------+-------+---------+---------+-------
      Total |      95 |       0 |   0.0 |       3 |       0 |   0.0
            +---------+---------+-------+---------+---------+-------
        D:4 |      95 |       0 |   0.0 |       3 |       0 |   0.0
            +---------+---------+-------+---------+---------+-------
